 Dungeon Crawl Stone Soup version 0.30-a0-166-g5d06c95188 (webtiles) character file.

Game seed: 13777328956970461241

4463 qw the Cleaver (level 10, -3/64 HPs)
             Began as a Gargoyle Fighter on Sept 29, 2022.
             Was a Priest of Okawaru.
             Slain by a yellow draconian
             ... wielding a +2 mace of holy wrath
              (11 damage)
             ... on level 1 of the Abyss.
             The game lasted 00:03:19 (10696 turns).

qw the Cleaver (Gargoyle Fighter)                  Turns: 10696, Time: 00:03:19

Health: -3/64      AC: 27    Str: 24    XL:     10   Next: 37%
Magic:  11/13      EV:  8    Int:  9    God:    Okawaru [***...]
Gold:   374        SH:  5    Dex:  9    Spells: 9/9 levels left

rFire   . . .      SeeInvis .    Y - +4 war axe
rCold   . . .      Faith    .    c - +0 buckler
rNeg    + . .      Spirit   .    t - +0 plate armour
rPois   inf        Reflect  .    f - +0 helmet
rElec   +          Harm     .    (no cloak)
rCorr   .          Rampage  .    m - +0 pair of gloves
Will    .....                    p - +0 pair of boots
Stlth   ..........               (no amulet)
HPRegen 0.20/turn                (no ring)
MPRegen 0.13/turn                (no ring)

@: heroic
A: sickness immunity, AC +7, negative energy resistance 1, electricity
resistance, torment resistance 1, petrification resistance
a: Renounce Religion, Heroism


You were on level 1 of the Abyss.
You worshipped Okawaru.
Okawaru was most pleased with you.
You visited 2 branches of the dungeon, and saw 9 of its levels.
You visited the Abyss 1 time.

You collected 374 gold pieces.


Innate Abilities, Weirdness & Mutations

You are immune to sickness and miasma.
Your stone body is resilient. (AC +7)
You are immune to poison.
You resist negative energy. (rN+)
You are resistant to electric shocks. (rElec)
You are resistant to unholy torment.
You are immune to petrification.


   Skills:
 + Level 7.9(12.9) Fighting
 - Level 10.0(15.0) Axes
 - Level 2.4(7.4) Throwing
 - Level 7.0(12.0) Armour
 - Level 1.0(6.0) Dodging
 - Level 4.1(9.1) Shields
 - Level 4.0 Invocations


You had 9 spell levels left.
You didn't know any spells.
Your spell library was empty.

Inventory:

Hand Weapons
 g - a +2 morningstar of freezing
 Y - a +4 war axe (weapon)
Armour
 c - a +0 buckler (worn)
 f - a +0 helmet (worn)
 m - a +0 pair of gloves (worn)
 p - a +0 pair of boots (worn)
 t - a +0 plate armour (worn)
Jewellery
 e - a ring of fire
Scrolls
 a - a scroll of identify
Potions
 b - a potion of resistance
 d - 3 potions of might
 h - 3 potions of attraction
 i - 5 potions of curing
 l - 2 potions of magic
 n - a potion of mutation
 o - 3 potions of lignification

Dungeon Overview and Level Annotations

Branches:
Dungeon (8/15)             Temple (1/1) D:5
   Lair: D:8-11

Altars:
Cheibriados
Dithmenos
Fedhas
Gozag
Hepliaklqana
Kikubaaqudgha
Nemelex Xobeh
Okawaru
Qazlal
Ru
Sif Muna
Trog
Uskayaw
Vehumet
Wu Jian
Xom
Yredelemnul
The Shining One

Annotations:
D:4 1 runed translucent door, Crazy Yiuf
D:8 Maggie


Message History

You barely miss the large abomination.
The large abomination is lightly damaged.
The large abomination closely misses you.
You slash the large abomination!
The large abomination is moderately damaged.
You barely miss the large abomination.
The large abomination is moderately damaged.
The large abomination barely misses you.
You hit the large abomination.
The large abomination is heavily damaged.
A sun demon comes into view.
10669 ||| Stepping ~*~*~tactically~*~*~ (stealth).
10670 ||| Stepping ~*~*~tactically~*~*~ (stealth).
You hit the large abomination.
The large abomination is heavily damaged.
You hit the large abomination.
The large abomination is severely damaged.
You hit the large abomination but do no damage.
The large abomination is severely damaged.
The large abomination hits you.
You hit the large abomination but do no damage.
The large abomination is severely damaged.
You hit the large abomination.
The large abomination is severely damaged.
The large abomination closely misses you.
You barely miss the large abomination.
The large abomination is severely damaged.
You slash the large abomination!
You destroy the large abomination!
Okawaru accepts your kill.
You feel like a meek peon again.
You are suddenly pulled into a different region of the Abyss!
A yellow draconian comes into view. It is wielding a +2 mace of holy wrath.
10690 ||| Stepping ~*~*~tactically~*~*~ (stealth).
10695 ||| Stepping ~*~*~tactically~*~*~ (stealth).
10696 ||| INVOKING Heroism.
You gain the combat prowess of a mighty hero.
The yellow draconian roars!
The yellow draconian hits you with a +2 mace of holy wrath!
You die...

### #.####
#....###.#
##........#
#..#d....#
#..@#..# #....#
#.....#
..........#
.###...#.......
............d
.............##
##..........##
##........#.


You could see a yellow draconian.

Vanquished Creatures
  Pikel (D:8)
  Psyche (D:8)
  A wyvern (D:6)
  A large abomination (Abyss:1)
  2 steam dragons
  2 water moccasins
  4 ice beasts
  2 orc warriors
  2 ogres
  2 centaurs
  3 lemures (D:7)
  A kobold brigand (D:7)
  A bullfrog (D:7)
  2 necrophages
  A scorpion (D:5)
  14 wights (D:6)
  4 killer bees (D:8)
  A howler monkey (D:5)
  2 jellies
  4 hounds
  3 gnoll boudas
  An orc priest (D:7)
  Jessica (D:2)
  5 iguanas
  Natasha (thrice) (D:2)
  2 orc wizards
  11 gnolls
  6 adders
  A shadow imp (D:8)
  3 white imps
  2 adder zombies (D:3)
  A worm (D:2)
  A dart slug (D:1)
  11 orcs
  5 ball pythons
  6 endoplasms
  5 giant cockroaches
  3 goblins
  6 hobgoblins
  3 jackals (D:1)
  18 kobolds
  3 quokkas
  A ball python zombie (D:3)
  5 bats
  3 frilled lizards
  A jackal zombie (D:3)
  6 rats
167 creatures vanquished.

Notes
Turn   | Place    | Note
-------+----------+-------------------------------------------
     0 | D:1      | qw the Gargoyle Fighter began the quest for the Orb.
     0 | D:1      | Reached XP level 1. HP: 14/14 MP: 1/1
     0 | D:1      | 0 ||| qw: Version: 0.2-a-12-gaebbb33
     0 | D:1      | 0 ||| qw: Game counter: 1023
     0 | D:1      | 0 ||| qw: Always use a shield: true
     0 | D:1      | 0 ||| qw: God list: Okawaru
     0 | D:1      | 0 ||| qw: Allow faded altars: false
     0 | D:1      | 0 ||| qw: Do Orc after D:15 true
     0 | D:1      | 0 ||| qw: Do second Lair branch before Depths: true
     0 | D:1      | 0 ||| qw: Lair rune preference: random
     0 | D:1      | 0 ||| qw: Plans: Normal, Zot:1-4, God:TSO, Crypt, Tomb,
                  | Pan, Slime:5, Hells, Abyss, Orb
     0 | D:1      | 0 ||| PLANNING D:1-11
   105 | D:1      | Reached skill level 2 in Axes
   168 | D:1      | Reached XP level 2. HP: 19/19 MP: 2/2
   179 | D:1      | 179 ||| Stepping ~*~*~tactically~*~*~ (stealth).
   259 | D:1      | 259 ||| Stepping ~*~*~tactically~*~*~ (stealth).
   708 | D:1      | Reached skill level 3 in Axes
   722 | D:1      | 722 ||| Stepping ~*~*~tactically~*~*~ (hiding).
   727 | D:1      | Reached XP level 3. HP: 21/23 MP: 3/3
  1346 | D:1      | 1346 ||| UPGRADING to +0 chain mail.
  1356 | D:1      | 1356 ||| DROPPING +0 scale mail.
  1357 | D:1      | 1357 ||| READING 2 scrolls labelled LUVVITA CODGHE.
  1358 | D:1      | 1358 ||| READING scroll labelled YTAUFA ULAO.
  1359 | D:1      | 1359 ||| DRINKING 2 puce potions.
  1407 | D:2      | 1407 ||| DROPPING +0 club.
  1463 | D:2      | 1463 ||| Stepping ~*~*~tactically~*~*~ (stealth).
  1466 | D:2      | 1466 ||| Stepping ~*~*~tactically~*~*~ (stealth).
  1467 | D:2      | 1467 ||| DROPPING +0 whip.
  1471 | D:2      | Noticed Jessica
  1476 | D:2      | Killed Jessica
  1477 | D:2      | Reached XP level 4. HP: 22/28 MP: 4/4
  1560 | D:2      | Reached skill level 4 in Axes
  1646 | D:2      | 1646 ||| Stepping ~*~*~tactically~*~*~ (stealth).
  1647 | D:2      | 1647 ||| Stepping ~*~*~tactically~*~*~ (stealth).
  1648 | D:2      | 1648 ||| Stepping ~*~*~tactically~*~*~ (stealth).
  1665 | D:2      | 1665 ||| Stepping ~*~*~tactically~*~*~ (stealth).
  1666 | D:2      | 1666 ||| Stepping ~*~*~tactically~*~*~ (stealth).
  2008 | D:2      | Noticed Natasha
  2009 | D:2      | 2009 ||| FLEEEEING.
  2010 | D:2      | 2010 ||| FLEEEEING.
  2011 | D:2      | 2011 ||| FLEEEEING.
  2012 | D:2      | 2012 ||| FLEEEEING.
  2013 | D:2      | 2013 ||| FLEEEEING.
  2024 | D:2      | Killed Natasha
  2025 | D:2      | Reached XP level 5. HP: 20/32 MP: 5/5
  2045 | D:2      | Noticed Natasha
  2046 | D:2      | 2046 ||| Stepping ~*~*~tactically~*~*~ (hiding).
  2047 | D:2      | 2047 ||| Stepping ~*~*~tactically~*~*~ (hiding).
  2059 | D:2      | Killed Natasha
  2331 | D:2      | 2331 ||| DROPPING ring of magical power.
  2332 | D:2      | 2332 ||| DRINKING 2 black potions.
  2333 | D:2      | 2333 ||| DRINKING 2 murky green potions.
  2334 | D:2      | 2334 ||| DROPPING potion of brilliance.
  2378 | D:2      | Noticed Natasha
  2379 | D:2      | 2379 ||| Stepping ~*~*~tactically~*~*~ (hiding).
  2393 | D:2      | Killed Natasha
  2394 | D:2      | Reached skill level 5 in Axes
  2648 | D:3      | Found a basalt altar of Yredelemnul.
  2649 | D:3      | Identified the +1 leather armour of Iziomitsuo {+Blink
                  | rElec rPois Int+3}
  2872 | D:3      | 2872 ||| DROPPING +0 mace of protection.
  3394 | D:3      | 3394 ||| UPGRADING to +0 helmet.
  3399 | D:3      | 3399 ||| READING scroll labelled QIS NUDUCVOFRO.
  3400 | D:3      | 3400 ||| READING scroll labelled DUOPY QIETHREE.
  3738 | D:4      | Reached XP level 6. HP: 16/38 MP: 6/6
  3935 | D:4      | HP: 5/38 [gnoll/+0 halberd[a gnoll bouda] (7)]
  4333 | D:4      | Found a stormy altar of Qazlal.
  4413 | D:4      | Found a runed translucent door.
  4414 | D:4      | Noticed Crazy Yiuf
  4686 | D:4      | 4686 ||| Stepping ~*~*~tactically~*~*~ (stealth).
  4687 | D:4      | 4687 ||| Stepping ~*~*~tactically~*~*~ (stealth).
  4935 | D:4      | 4935 ||| UPGRADING to +0 pair of gloves.
  4940 | D:4      | 4940 ||| READING scroll labelled RASIRE EHYIGE.
  4948 | D:4      | 4948 ||| READING scroll labelled XYEPSENAVVEH.
  4949 | D:4      | 4949 ||| READING scroll labelled FIBEPO FAUWYAK.
  4950 | D:4      | 4950 ||| DRINKING 2 bubbling blue potions.
  4978 | D:4      | 4978 ||| READING 3 scrolls of identify.
  4978 | D:4      | 4978 ||| IDENTIFYING sapphire potion
  4979 | D:4      | 4979 ||| READING 2 scrolls of identify.
  4979 | D:4      | 4979 ||| IDENTIFYING viscous orange potion
  4980 | D:4      | 4980 ||| DROPPING potion of degeneration.
  5023 | D:5      | Entered Level 5 of the Dungeon
  5045 | D:5      | Reached skill level 6 in Axes
  5045 | D:5      | 5045 ||| FLEEEEING.
  5046 | D:5      | 5046 ||| FLEEEEING.
  5047 | D:5      | 5047 ||| FLEEEEING.
  5048 | D:5      | 5048 ||| FLEEEEING.
  5134 | D:5      | Found a shimmering altar of Xom.
  5209 | D:5      | 5209 ||| Stepping ~*~*~tactically~*~*~ (stealth).
  5213 | D:5      | Reached skill level 1 in Dodging
  5245 | D:5      | Reached XP level 7. HP: 40/43 MP: 7/7
  5275 | D:5      | 5275 ||| Stepping ~*~*~tactically~*~*~ (stealth).
  5276 | D:5      | 5276 ||| Stepping ~*~*~tactically~*~*~ (stealth).
  5310 | D:5      | 5310 ||| Stepping ~*~*~tactically~*~*~ (stealth).
  5311 | D:5      | 5311 ||| Stepping ~*~*~tactically~*~*~ (stealth).
  5319 | D:5      | HP: 7/43 [ogre/+0 giant club (22)]
  5320 | D:5      | 5320 ||| DRINKING potion of heal wounds.
  5387 | D:5      | 5387 ||| FLEEEEING.
  5558 | D:5      | Found a sacrificial altar of Ru.
  5619 | D:5      | 5619 ||| READING scroll of enchant weapon.
  5619 | D:5      | 5619 ||| ENCHANTING +1 war axe.
  5630 | D:5      | Reached skill level 7 in Axes
  5714 | D:5      | Found a staircase to the Ecumenical Temple.
  5715 | D:5      | 5715 ||| PLANNING TEMPLE
  5724 | Temple   | Entered the Ecumenical Temple
  5764 | Temple   | 5764 ||| PLANNING D:1-11
  5770 | Temple   | 5770 ||| PLANNING OKAWARU WORSHIP
  5770 | Temple   | Became a worshipper of Warmaster Okawaru
  5771 | Temple   | 5771 ||| PLANNING D:1-11
  5816 | D:5      | 5816 ||| Stepping ~*~*~tactically~*~*~ (stealth).
  6121 | D:5      | Reached XP level 8. HP: 50/50 MP: 8/8
  6551 | D:5      | 6551 ||| READING scroll labelled BEIPUE RUHYHAA.
  6552 | D:5      | 6552 ||| READING 3 scrolls of identify.
  6552 | D:5      | 6552 ||| IDENTIFYING coppery potion
  6553 | D:5      | 6553 ||| READING 2 scrolls of identify.
  6553 | D:5      | 6553 ||| IDENTIFYING fuming silvery potion
  6630 | D:6      | Reached skill level 1 in Throwing
  6888 | D:6      | 6888 ||| DROPPING +0 flail.
  6894 | D:6      | Reached * piety under Okawaru
  6936 | D:6      | 6936 ||| READING scroll of enchant weapon.
  6936 | D:6      | 6936 ||| ENCHANTING +2 war axe.
  6962 | D:6      | 6962 ||| INVOKING Heroism.
  7020 | D:6      | Reached skill level 1 in Invocations
  7025 | D:6      | 7025 ||| INVOKING Heroism.
  7027 | D:6      | Reached skill level 8 in Axes
  7342 | D:6      | 7342 ||| Stepping ~*~*~tactically~*~*~ (hiding).
  7344 | D:6      | 7344 ||| INVOKING Heroism.
  7346 | D:6      | 7346 ||| Stepping ~*~*~tactically~*~*~ (stealth).
  7351 | D:6      | Reached skill level 3 in Invocations
  7357 | D:6      | Reached skill level 6 in Fighting
  7357 | D:6      | Reached XP level 9. HP: 21/55 MP: 8/11
  7360 | D:6      | 7360 ||| INVOKING Heroism.
  7798 | D:6      | Reached ** piety under Okawaru
  7818 | D:6      | 7818 ||| Stepping ~*~*~tactically~*~*~ (stealth).
  7820 | D:6      | 7820 ||| INVOKING Heroism.
  7837 | D:6      | Reached skill level 9 in Axes
  7841 | D:6      | HP: 7/55 [gnoll bouda/+0 club (7)]
  7842 | D:6      | 7842 ||| DRINKING potion of heal wounds.
  7846 | D:6      | 7846 ||| INVOKING Heroism.
  8054 | D:6      | 8054 ||| Stepping ~*~*~tactically~*~*~ (hiding).
  8341 | D:6      | 8341 ||| UPGRADING to +0 pair of boots.
  8346 | D:6      | 8346 ||| READING scroll labelled NEMMELU FINO.
  8406 | D:6      | 8406 ||| READING scroll labelled LUB MYETIAROPHI.
  8407 | D:6      | 8407 ||| DRINKING 3 green potions.
  8408 | D:6      | 8408 ||| DRINKING 2 fizzy purple potions.
  8513 | D:6      | 8513 ||| READING 2 scrolls of identify.
  8513 | D:6      | 8513 ||| IDENTIFYING fuming orange potion
  8514 | D:6      | 8514 ||| DROPPING potion of berserk rage.
  8515 | D:6      | 8515 ||| DROPPING potion of flight.
  8619 | D:7      | Found a bloodstained altar of Trog.
  8715 | D:7      | Found a glowing golden altar of the Shining One.
  8717 | D:7      | 8717 ||| INVOKING Heroism.
  8938 | D:7      | 8938 ||| Stepping ~*~*~tactically~*~*~ (stealth).
  8951 | D:7      | 8951 ||| Stepping ~*~*~tactically~*~*~ (hiding).
  8952 | D:7      | 8952 ||| INVOKING Heroism.
  8954 | D:7      | 8954 ||| Stepping ~*~*~tactically~*~*~ (hiding).
  8972 | D:7      | 8972 ||| INVOKING Heroism.
  9044 | D:7      | 9044 ||| READING scroll of enchant weapon.
  9044 | D:7      | 9044 ||| ENCHANTING +3 war axe.
  9102 | D:7      | 9102 ||| Stepping ~*~*~tactically~*~*~ (stealth).
  9113 | D:7      | 9113 ||| Stepping ~*~*~tactically~*~*~ (stealth).
  9115 | D:7      | 9115 ||| INVOKING Heroism.
  9457 | D:7      | 9457 ||| INVOKING Heroism.
  9459 | D:7      | 9459 ||| DRINKING 4 potions of curing.
  9459 | D:7      | 9459 ||| (to cure confusion)
  9977 | D:7      | 9977 ||| DROPPING +1 ring mail of cold resistance.
  9978 | D:7      | 9978 ||| UPGRADING to +0 plate armour.
  9988 | D:7      | 9988 ||| DROPPING +0 chain mail.
  9989 | D:7      | 9989 ||| READING scroll labelled INNOMOUTOB.
  9990 | D:7      | 9990 ||| READING 2 scrolls of identify.
  9990 | D:7      | 9990 ||| IDENTIFYING yellow potion
  9991 | D:7      | 9991 ||| DROPPING potion of ambrosia.
 10026 | D:8      | 10026 ||| PLANNING OSSUARY
 10026 | D:8      | Noticed Pikel
 10027 | D:8      | 10027 ||| INVOKING Heroism.
 10030 | D:8      | 10030 ||| STAIRDANCE
 10063 | D:8      | 10063 ||| STAIRDANCE
 10113 | D:8      | 10113 ||| INVOKING Heroism.
 10117 | D:8      | Killed Pikel
 10118 | D:8      | Reached XP level 10. HP: 60/63 MP: 10/13
 10216 | D:8      | Noticed Psyche
 10227 | D:8      | Killed Psyche
 10293 | D:8      | 10293 ||| INVOKING Heroism.
 10302 | D:8      | 10302 ||| Stepping ~*~*~tactically~*~*~ (cloud).
 10457 | D:8      | 10457 ||| INVOKING Heroism.
 10467 | D:8      | Reached skill level 10 in Axes
 10505 | D:8      | 10505 ||| INVOKING Heroism.
 10625 | D:8      | 10625 ||| INVOKING Heroism.
 10629 | D:8      | Noticed Maggie
 10643 | D:8      | Reached *** piety under Okawaru
 10643 | Abyss:1  | Found a corrupted altar of Lugonu.
 10643 | Abyss:1  | Cast into level 1 of the Abyss (Maggie)
 10644 | Abyss:1  | 10644 ||| DROPPING ring of wizardry.
 10657 | Abyss:1  | 10657 ||| INVOKING Heroism.
 10661 | Abyss:1  | HP: 5/64 [large abomination (22)]
 10662 | Abyss:1  | 10662 ||| READING scroll of teleportation.
 10663 | Abyss:1  | 10663 ||| DRINKING potion of heal wounds.
 10668 | Abyss:1  | Noticed a sun demon
 10669 | Abyss:1  | 10669 ||| Stepping ~*~*~tactically~*~*~ (stealth).
 10670 | Abyss:1  | 10670 ||| Stepping ~*~*~tactically~*~*~ (stealth).
 10673 | Abyss:1  | HP: 4/64 [large abomination (5)]
 10689 | Abyss:1  | Noticed a yellow draconian
 10690 | Abyss:1  | 10690 ||| Stepping ~*~*~tactically~*~*~ (stealth).
 10695 | Abyss:1  | 10695 ||| Stepping ~*~*~tactically~*~*~ (stealth).
 10696 | Abyss:1  | 10696 ||| INVOKING Heroism.
 10696 | Abyss:1  | Slain by a yellow draconian

Levels and vault maps discovered:
D:1:      onia_arrival_pentagram, layout_loops_corners, lemuel_flame_loot_1
D:2:      layout_basic, uniq_natasha, uniq_jessica
D:3:      layout_basic, nicolae_yredelemnul_corpse_copse,
          minmay_misc_feat_more_columns
D:4:      layout_loops_ring, grunt_qazlal_sundering, minmay_strange_pillars,
          st_stairs_9, uniq_crazy_yiuf_cottage
D:5:      layout_basic, minmay_temple_entry_drinking_statues,
          hangedman_feature_mirror
D:6:      layout_basic, nicolae_concentric_dashed_squares_wild,
          nicolae_eternal_life, chequers_serial_rivers_micro_d
D:7:      layout_layer_cave, mainiacjoe_overflow_catwalk, lemuel_doored_altar,
          minivault_11
D:8:      layout_layer_cave, nicolae_ossuary_entry_plus, eino_tiny_chamber,
          uniq_maggie, uniq_pikel, uniq_psyche, uniq_gastronok
Temple:   nicolae_temple_god_jail
Abyss:1:  base:
D:8

Skill      XL: |  1  2  3  4  5  6  7  8  9 10 |
---------------+-------------------------------+-----
Axes           | 2 3 4 5 6 7 8 9 10 | 10.0
Fighting       | 4 5 6 7 |  7.9
Dodging        | 1 |  1.0
Throwing       | 2 |  2.4
Invocations    | 3 4 |  4.0
Armour         | 4 7 |  7.0
Shields        | 4 |  4.1

Action                   |  1- 3 |  4- 6 |  7- 9 | 10-12 || total
-------------------------+-------+-------+-------+-------++-------
Melee: War axe           |    86 |   206 |   284 |    59 ||   635
Throw: Javelin           |       |       |    17 |       ||    17
Invok: Heroism           |       |       |    13 |     6 ||    19
  Use: Scroll            |     2 |     7 |    11 |     1 ||    21
       Potion            |     1 |     3 |     5 |     1 ||    10
Armor: Scale mail        |    44 |       |       |       ||    44
       Chain mail        |     8 |   113 |   141 |       ||   262
       Plate armour      |       |       |    21 |    57 ||    78
Dodge: Dodged            |    26 |    83 |    95 |    26 ||   230
Block: Buckler           |    10 |    31 |    70 |    12 ||   123

Table legend:
 A = Non-vault XP
 B = Vault XP
 C = Vault XP percentage of total XP
 D = Non-vault monster count
 E = Vault monster count
 F = Vault count percentage of total count
                 A         B        C        D         E       F
            +---------+---------+-------+---------+---------+-------
      Total |    5017 |    1359 |  21.3 |     147 |      17 |  10.4
            +---------+---------+-------+---------+---------+-------
        D:1 |      43 |       0 |   0.0 |      26 |       0 |   0.0
        D:2 |     120 |      73 |  37.8 |      18 |       2 |  10.0
        D:3 |      33 |      13 |  28.3 |      13 |       4 |  23.5
        D:4 |     180 |       6 |   3.2 |      11 |       3 |  21.4
        D:5 |     623 |     251 |  28.7 |      13 |       6 |  31.6
        D:6 |    1974 |       0 |   0.0 |      30 |       0 |   0.0
        D:7 |    1109 |       0 |   0.0 |      23 |       0 |   0.0
        D:8 |     731 |    1016 |  58.2 |      12 |       2 |  14.3
    Abyss:1 |     204 |       0 |   0.0 |       1 |       0 |   0.0
            +---------+---------+-------+---------+---------+-------
